 Dungeon Crawl Stone Soup version 0.30.0-10-gfe55d96785 (webtiles) character file.

Game seed: 1568801035700175297

201 qw the Chopper (level 5, -2/33 HPs)
             Began as a Gargoyle Cinder Acolyte on May 17, 2023.
             Was a Priest of Ignis.
             Slain by an iron imp (4 damage)
             ... summoned by Eustachio
             ... on level 4 of the Dungeon.
             The game lasted 00:01:07 (2558 turns).

qw the Chopper (Gargoyle Cinder Acolyte)            Turns: 2558, Time: 00:01:07

Health: -2/33      AC: 18    Str: 20    XL:     5   Next: 79%
Magic:  6/6        EV:  9    Int: 14    God:    Ignis [***...]
Gold:   82         SH:  0    Dex:  5    Spells: 6/6 levels left

rFire   + . .        Y - -1 hand axe (flame)
rCold   . . .        (no shield)
rNeg    + . .        a - +0 scale mail
rPois   inf          b - +0 helmet
rElec   +            (no cloak)
rCorr   .            (no gloves)
SInv    .            (no boots)
Will    .....        (no amulet) Stlth
                     (no ring)
HPRegen 0.25/turn    (no ring)
MPRegen 0.10/turn

%: no passive effects
@: fiery-armoured
A: sickness immunity, AC +4, negative energy resistance 1, electricity
resistance, torment resistance 1, petrification resistance
a: Renounce Religion, Fiery Armour, Foxfire Swarm, Rising Flame


You were on level 4 of the Dungeon.
You worshipped Ignis.
Ignis was most pleased with you.
You visited 1 branch of the dungeon, and saw 4 of its levels.

You collected 82 gold pieces.


Innate Abilities, Weirdness & Mutations

You are immune to sickness and miasma.
Your stone body is resilient. (AC +4)
You are immune to poison.
You resist negative energy. (rN+)
You are resistant to electric shocks. (rElec)
You are resistant to unholy torment.
You are immune to petrification.


   Skills:
 - Level 4.1 Fighting
 + Level 5.0 Axes
 - Level 1.7 Armour
 - Level 1.0 Spellcasting
 - Level 3.0 Fire Magic


You had 6 spell levels left.
You didn't know any spells.
Your spell library contained the following spells:

 Spells                   Type           Power      Damage    Failure   Level
 Scorch                   Fire           18%        2d6       32%         2

Inventory:

Hand Weapons
 Y - a -1 hand axe of flaming (weapon)
Armour
 a - a +0 scale mail (worn)
 b - a +0 helmet (worn)
Potions
 c - a potion of haste {unknown}
 e - a potion of degeneration {unknown}
 f - a potion of curing
 g - a potion of might

Dungeon Overview and Level Annotations

Branches:
Dungeon (4/15)
 Temple: D:4-7

Altars:
Cheibriados
Dithmenos
Okawaru
Qazlal
Trog
Yredelemnul
The Shining One

Annotations:
D:3 1 runed translucent door, Crazy Yiuf
D:4 Eustachio


Message History

The quasit resists.
The quasit is burned by your cloak of flames.
The quasit is heavily wounded.
The quasit claws you but does no damage.
The quasit resists.
The quasit is burned by your cloak of flames.
The quasit is severely wounded.
The iron imp hits you but does no damage.
The iron imp completely resists.
You barely miss the quasit. Your punch misses the quasit.
The quasit is severely wounded.
You hit the iron imp but do no damage.
The quasit bites you but does no damage.
The quasit claws you but does no damage.
The quasit resists.
The quasit is burned by your cloak of flames.
The quasit is severely wounded.
The quasit claws you but does no damage.
The quasit resists.
The quasit is burned by your cloak of flames.
The quasit is severely wounded.
The shadow imp summons a swarm of flies.
You miss the quasit.
The quasit is severely wounded.
You hit the iron imp. The quasit bites you.
The quasit resists.
The quasit is burned by your cloak of flames.
The quasit is almost dead.
The quasit claws you but does no damage.
The quasit resists.
The quasit is burned by your cloak of flames.
You kill the quasit!
The quasit disappears in a puff of smoke!
The iron imp hits you.
The iron imp completely resists.
You slash the iron imp!
The iron imp is almost dead.
You barely miss the shadow imp. The shadow imp gestures at you.
You barely resist. The iron imp hits you.
You die...

...# ##...##+## + ...#
#....#...# .# ...#
#....#.8.# .# ...#
#....#...#..#
...######....##'##..####
...'............).......
...######...##...#..####
#### #...####@#..# #...#
#@5..# #...# ##5..#
##### ...<... ....[..
...#.#. $..#+# #... /...


You could see Eustachio, an iron imp (summoned) and a shadow imp (summoned).

Vanquished Creatures
  Natasha (twice) (D:3)
  An iguana (D:4)
  Terence (D:2)
  2 adders (D:2)
  4 gnolls (D:2)
  A dart slug (D:3)
  An orc (D:4)
  4 bats
  7 endoplasms
  5 hobgoblins
  2 quokkas
  3 ball pythons
  4 frilled lizards
  2 goblins
  9 kobolds
  4 rats
52 creatures vanquished.

Notes
Turn   | Place    | Note
-------+----------+-------------------------------------------
     0 | D:1      | qw the Gargoyle Cinder Acolyte began the quest for the Orb.
     0 | D:1      | Reached XP level 1. HP: 14/14 MP: 2/2
     0 | D:1      | 0 ||| qw: Version: 0.2-a-95-g206ef33
     0 | D:1      | 0 ||| qw: Game counter: 184
     0 | D:1      | 0 ||| qw: Always use a shield: true
     0 | D:1      | 0 ||| qw: God list: Okawaru
     0 | D:1      | 0 ||| qw: Allow faded altars: false
     0 | D:1      | 0 ||| qw: Do Orc after D:15 true
     0 | D:1      | 0 ||| qw: Do second Lair branch before Depths: true
     0 | D:1      | 0 ||| qw: Lair rune preference: random
     0 | D:1      | 0 ||| qw: Plans: Normal
     0 | D:1      | 0 ||| PLANNING D:1-11
    13 | D:1      | Found a faded altar of an unknown god.
    26 | D:1      | 26 ||| Stepping ~*~*~tactically~*~*~ (hiding).
   109 | D:1      | 109 ||| Stepping ~*~*~tactically~*~*~ (stealth).
   118 | D:1      | 118 ||| INVOKING Fiery Armour.
   257 | D:1      | Reached skill level 3 in Axes
   334 | D:1      | Reached XP level 2. HP: 19/19 MP: 3/3
   449 | D:1      | 449 ||| Stepping ~*~*~tactically~*~*~ (hiding).
   658 | D:1      | 658 ||| UPGRADING to +0 leather armour.
   668 | D:1      | 668 ||| DROPPING +0 robe.
   669 | D:1      | 669 ||| READING scroll labelled BURCHADD HAHUTZ.
   674 | D:1      | 674 ||| READING scroll labelled JUBOB JELUIDD.
   684 | D:1      | 684 ||| DRINKING 2 fizzy amethyst potions.
   716 | D:2      | Noticed Terence
   719 | D:2      | 719 ||| INVOKING Fiery Armour.
   722 | D:2      | Killed Terence
   723 | D:2      | Reached skill level 4 in Axes
   723 | D:2      | Reached XP level 3. HP: 23/23 MP: 4/4
   749 | D:2      | 749 ||| Stepping ~*~*~tactically~*~*~ (stealth).
   752 | D:2      | 752 ||| Stepping ~*~*~tactically~*~*~ (stealth).
   768 | D:2      | 768 ||| Stepping ~*~*~tactically~*~*~ (stealth).
   769 | D:2      | 769 ||| Stepping ~*~*~tactically~*~*~ (stealth).
   949 | D:2      | 949 ||| Stepping ~*~*~tactically~*~*~ (hiding).
   957 | D:2      | 957 ||| INVOKING Fiery Armour.
   964 | D:2      | Reached XP level 4. HP: 26/28 MP: 5/5
  1011 | D:2      | 1011 ||| Stepping ~*~*~tactically~*~*~ (hiding).
  1012 | D:2      | 1012 ||| Stepping ~*~*~tactically~*~*~ (hiding).
  1018 | D:2      | 1018 ||| Stepping ~*~*~tactically~*~*~ (stealth).
  1062 | D:2      | Reached skill level 5 in Axes
  1238 | D:2      | 1238 ||| UPGRADING to +0 scale mail.
  1248 | D:2      | 1248 ||| DROPPING +0 leather armour.
  1249 | D:2      | 1249 ||| READING scroll labelled CARUAK XIM.
  1250 | D:2      | 1250 ||| READING scroll labelled SUNLIKL IHOT.
  1251 | D:2      | 1251 ||| READING scroll labelled WOXKAV XODAS.
  1252 | D:2      | 1252 ||| DRINKING 2 metallic yellow potions.
  1408 | D:3      | Reached XP level 5. HP: 32/32 MP: 6/6
  1420 | D:3      | Found an iron altar of Okawaru.
  1444 | D:3      | Found a snail-covered altar of Cheibriados.
  1548 | D:3      | Found a basalt altar of Yredelemnul.
  1551 | D:3      | Found a bloodstained altar of Trog.
  1554 | D:3      | Found a stormy altar of Qazlal.
  1613 | D:3      | Found a runed translucent door.
  1614 | D:3      | Noticed Crazy Yiuf
  1757 | D:3      | Found a shadowy altar of Dithmenos.
  1789 | D:3      | Found a glowing golden altar of the Shining One.
  1961 | D:3      | Noticed Natasha
  1974 | D:3      | 1974 ||| INVOKING Fiery Armour.
  1975 | D:3      | Killed Natasha
  1976 | D:3      | Reached skill level 1 in Armour
  2150 | D:3      | Noticed Natasha
  2151 | D:3      | 2151 ||| Stepping ~*~*~tactically~*~*~ (hiding).
  2152 | D:3      | 2152 ||| Stepping ~*~*~tactically~*~*~ (hiding).
  2165 | D:3      | 2165 ||| INVOKING Fiery Armour.
  2166 | D:3      | Killed Natasha
  2321 | D:3      | 2321 ||| UPGRADING to +0 helmet.
  2326 | D:3      | 2326 ||| DRINKING 2 sedimented yellow potions.
  2351 | D:3      | 2351 ||| DROPPING potion of lignification.
  2546 | D:4      | Noticed Eustachio
  2554 | D:4      | 2554 ||| INVOKING Fiery Armour.
  2554 | D:4      | HP: 7/33 [iron imp[Eustachio] (7)]
  2557 | D:4      | HP: 1/33 [iron imp[Eustachio] (5)]
  2558 | D:4      | Slain by an iron imp

Levels and vault maps discovered:
D:1:      minmay_arrival_three_doors, layout_loops_cross,
          ebering_ecumenical_altar_rust
D:2:      layout_rooms, nicolae_concentric_dashed_squares_mild, uniq_terence
D:3:      layout_basic, lemuel_crystal_altar, overflow_temple_1_default,
          grunt_temple_overflow_diamond, mainiacjoe_overflow_two_lobes,
          hangedman_decor_growths, uniq_natasha, uniq_crazy_yiuf_cottage
D:4:      layout_basic, minmay_misc_feat_room, uniq_eustachio, uniq_grinder

Skill      XL: |  1  2  3  4  5 |
---------------+----------------+-----
Axes           | 3 4 5 |  5.0
Armour         | 1 |  1.7
Fighting       | 4 |  4.1
Spellcasting   | |  1.0
Fire Magic     | |  3.0

Action                     |  1- 3 |  4- 6 || total
---------------------------+-------+-------++-------
  Melee: Hand axe          |    66 |    90 ||   156
 Invoke: Fiery Armour      |     3 |     3 ||     6
    Use: Scroll            |     2 |     3 ||     5
         Potion            |     1 |     2 ||     3
 Armour: Robe              |    10 |       ||    10
         Leather armour    |    13 |     5 ||    18
         Scale mail        |       |    36 ||    36
  Dodge: Dodged            |    41 |    41 ||    82

Table legend:
 A = Non-vault XP
 B = Vault XP
 C = Vault XP percentage of total XP
 D = Non-vault monster count
 E = Vault monster count
 F = Vault count percentage of total count
                 A         B        C        D         E       F
            +---------+---------+-------+---------+---------+-------
      Total |     221 |      67 |  23.3 |      50 |       2 |   3.8
            +---------+---------+-------+---------+---------+-------
        D:1 |      15 |       0 |   0.0 |       9 |       0 |   0.0
        D:2 |     112 |      32 |  22.2 |      26 |       1 |   3.7
        D:3 |      52 |      35 |  40.2 |      11 |       1 |   8.3
        D:4 |      42 |       0 |   0.0 |       4 |       0 |   0.0
            +---------+---------+-------+---------+---------+-------
